 Dungeon Crawl Stone Soup version 0.25-a0-458-g6fc7858b95 (webtiles) character file.

Game seed: 14919616231137756795, levelgen mode: deterministic

7935 Gargoyl the Envoy of Void (level 11, 0/91 HPs)
             Began as a Centaur Abyssal Knight on Feb 1, 2020.
             Was a High Priest of Lugonu.
             Slain by Dupit's ghost (27 damage)
             ... on level 10 of the Dungeon.
             The game lasted 00:15:59 (9846 turns).

Gargoyl the Envoy of Void (Centaur Abyssal Knight)  Turns: 9846, Time: 00:15:59

Health: 0/91       AC: 13    Str: 19    XL:     11   Next: 3%
Magic:  16/16      EV:  9    Int: 17    God:    Lugonu [*****.]
Gold:   518        SH:  5    Dex: 14    Spells: 10/10 levels left

rFire    . . .     SeeInvis .   q - +9 war axe "Icasycs" {elec, Str+3 Int+2}
rCold    . . .     Gourm    .   f - +1 buckler
rNeg     . . .     Faith    .   p - +2 chain mail "Harylo" {rElec Regen+ Int+4 Slay+3}
rPois    +         Spirit   .   (no helmet)
rElec    +         Reflect  .   l - scarf {repulsion}
rCorr    .         Harm     .   (no gloves)
MR       .....                  (no barding)
Stlth    ..........             (no amulet)
HPRegen  0.00/turn              h - ring of poison resistance
MPRegen  0.15/turn              a - +3 ring of dexterity

@: studying Invocations, repel missiles, very quick
A: large, hooves 3, repulsion field 1, molten scales 1, deformed body, speed 2,
inhibited regeneration, tough skin 3
a: Depart the Abyss, Bend Space, Banish, Corrupt, Enter the Abyss, Renounce
Religion


You were on level 10 of the Dungeon.
You worshipped Lugonu.
Lugonu was extremely pleased with you.
You were not hungry.

You visited 1 branch of the dungeon, and saw 10 of its levels.
You visited the Abyss 1 time.
You also visited: Bailey.

You collected 593 gold pieces.
You spent 75 gold pieces at shops.

Inventory:

Hand Weapons
 k - the +12 Vampire's Tooth {vamp}
   (You found it on level 5 of the Dungeon)

   It inflicts no extra harm, but heals its wielder when it wounds a living foe.
 q - the +9 war axe "Icasycs" (weapon) {elec, Str+3 Int+2}
   (You found it on level 4 of the Dungeon)

   Occasionally, upon striking a foe, it will discharge some electrical energy
   and cause terrible harm.
   It affects your strength (+3).
   It affects your intelligence (+2).
 r - a +2 war axe of freezing
 v - the +7 spear "Xutreej" {pain, +Fly}
   (You found it on level 5 of the Dungeon)

   In the hands of one skilled in necromantic magic, it inflicts extra damage on
   living creatures.
   It lets you fly.
 F - a +3 hand axe of pain
Missiles
 C - 28 boomerangs (quivered)
Armour
 b - a +0 cloak of poison resistance
 f - a +1 buckler (worn)
 l - a scarf of repulsion (worn)
 p - the +2 chain mail "Harylo" (worn) {rElec Regen+ Int+4 Slay+3}
   (You found it on level 9 of the Dungeon)

   It affects your intelligence (+4).
   It affects your accuracy and damage with ranged weapons and melee attacks
   (+3).
   It insulates you from electricity.
   It increases your rate of regeneration.
   If you remove this armour, your AC will fall 8 points (13 -> 5)
Jewellery
 a - a +3 ring of dexterity (right hand)
 h - a ring of poison resistance (left hand)
Wands
 u - a wand of random effects (6)
 w - a wand of paralysis (13)
 y - a wand of digging (4)
Scrolls
 d - 3 scrolls of teleportation
 e - 4 scrolls of identify
 g - 7 scrolls of remove curse
 i - 4 scrolls of blinking
 o - a scroll of enchant armour
 s - 2 scrolls of fear
 z - a scroll of enchant weapon
 B - 3 scrolls of fog
 I - a scroll of magic mapping
Potions
 j - a potion of berserk rage
 m - a potion of haste
 n - 2 potions of lignification
 t - a potion of invisibility
 x - a potion of agility {unknown}
 A - a potion of resistance
 D - 3 potions of heal wounds {unknown}
 E - a potion of magic {unknown}
 H - a potion of might {unknown}
Books
 G - a manual of Invocations
Comestibles
 c - 13 rations
 J - 2 chunks of flesh


   Skills:
 + Level 6.4 Fighting
 + Level 4.5 Short Blades
 + Level 6.6 Axes
 * Level 7.5 Armour
 * Level 4.8 Dodging
 + Level 2.0 Shields
 * Level 7.6 Invocations


You had 10 spell levels left.
You didn't know any spells.
Your spell library contained the following spells:

 Spells                   Type           Power        Failure   Level  Hunger
 Animate Skeleton         Necr           N/A          92%         1    ##.....
 Foxfire                  Conj/Fire      #...         92%         1    ##.....
 Pain                     Necr           #...         92%         1    ##.....
 Confusing Touch          Hex            #.......     100%        3    ####...
 Conjure Flame            Conj/Fire      #.......     100%        3    ####...
 Gell's Gravitas          Tloc           #.........   100%        3    ####...
 Inner Flame              Hex/Fire       #.......     100%        3    ####...
 Vampiric Draining        Necr           #.........   100%        3    ####...
 Animate Dead             Necr           N/A          100%        4    #####..
 Petrify                  Tmut/Erth      #.......     100%        4    #####..
 Sticky Flame             Conj/Fire      #.......     100%        4    #####..
 Agony                    Necr           #.......     100%        5    ######.
 Fireball                 Conj/Fire      #.........   100%        5    ######.
 Metabolic Englaciation   Hex/Ice        #.........   100%        5    ######.
 Yara's Violent Unravell  Hex/Tmut       #.........   100%        5    ######.


Dungeon Overview and Level Annotations

Branches:
Dungeon (10/15)            Temple (0/1) D:7          Bailey (visited)
   Lair: D:8-11         Orc: D:9-12

Altars:
Dithmenos
Fedhas
Nemelex Xobeh
Yredelemnul
Zin
The Shining One

Shops:
D:5 :   D:7 *

Annotations:
D:10 Dupit's ghost, novice TrFi


Innate Abilities, Weirdness & Mutations

You have hooves in place of feet.
Armour fits poorly on your strangely shaped body.
You cover ground very quickly.
You have extremely tough skin. (AC +3)
You are surrounded by a mild repulsion field. (EV +2)
You are partially covered in molten scales. (AC +2)
You do not regenerate when monsters are visible.


Message History

You slash Dupit's ghost!
You kick Dupit's ghost, but do no damage.
Dupit's ghost is severely damaged.
Dupit's ghost hits you. Dupit's ghost hits you!
You slash Dupit's ghost! Your kick misses Dupit's ghost.
Dupit's ghost is severely damaged.
Dupit's ghost hits you!
You slash Dupit's ghost!
You kick Dupit's ghost, but do no damage.
Dupit's ghost is almost destroyed.
You block Dupit's ghost's attack.
You miss Dupit's ghost.
Dupit's ghost is almost destroyed.
Dupit's ghost hits you.
* * * LOW HITPOINT WARNING * * *
You hit Dupit's ghost but do no damage.
Lightning courses through Dupit's ghost!
Dupit's ghost is almost destroyed.
Dupit's ghost hits you!!
You die...

.......# #.# .......#
######## #.# .>.....#
..%8.(.# #.# ...#####
#♣$.....# #.# ##..###
#....(..# #.# ......#
#..(....# ##'######
......# #(....(.#
#..)..... ......#
###W''### #........
......# #..@..?.#
#........ ......#
###..#######........
†.....#
######.#####..'........
......#
..............##########
......+ #############.#
......# #.# ......# #.#
####### #.. ###


You could see Dupit's ghost.

Vanquished Creatures
  A centaur warrior (D:9)
  Psyche (D:8)
  Joseph (D:9)
  2 trolls (D:9)
  2 hippogriffs
  2 wyverns
  Duvessa (D:5)
  An ice beast (D:6)
  A black bear (D:8)
  6 orc warriors
  3 phantoms
  A sky beast (D:4)
  2 necrophages
  2 centaurs
  4 ogres
  3 bullfrogs
  3 scorpions
  Dowan (D:5)
  10 killer bees
  3 wights (D:9)
  A howler monkey (D:8)
  2 centaur zombies
  A bullfrog zombie (D:8)
  3 crimson imps
  2 jellies (D:9)
  16 orc wizards
  A bullfrog skeleton (D:8)
  Crazy Yiuf (D:5)
  A centaur skeleton (D:8)
  4 hounds
  5 orc priests
  2 iguanas
  5 worker ants
  A hound zombie (D:5)
  8 gnolls
  12 adders
  3 shadow imps
  An ooze (D:2)
  5 worms
  A dart slug (D:1)
  5 leopard geckos
  53 orcs
  3 giant cockroaches
  11 goblins
  10 hobgoblins
  2 jackals (D:9)
  20 kobolds
  2 quokkas
  4 bats
  8 frilled lizards
  A jackal skeleton (D:4)
  A leopard gecko skeleton (D:8)
  A quokka skeleton (D:7)
  7 rats
253 creatures vanquished.

Vanquished Creatures (others)
  A two-headed ogre (D:8)
1 creature vanquished.

Grand Total: 254 creatures vanquished

Notes
Turn   | Place    | Note
-------+----------+-------------------------------------------
     0 | Abyss:1  | Gargoyl the Centaur Abyssal Knight began the quest for the
                  | Orb.
     0 | Abyss:1  | Reached XP level 1. HP: 19/19 MP: 2/2
    31 | Abyss:1  | Noticed a thrashing horror
    34 | Abyss:1  | Noticed a small abomination
    49 | Abyss:1  | Noticed a smoke demon
    60 | D:1      | Escaped the Abyss
   330 | D:1      | Reached * piety under Lugonu
   345 | D:1      | Reached XP level 2. HP: 21/26 MP: 3/3
   498 | D:1      | Reached skill level 1 in Dodging
   758 | D:1      | Reached XP level 3. HP: 31/31 MP: 4/4
  1529 | D:2      | Reached ** piety under Lugonu
  1563 | D:2      | Found a glowing golden altar of the Shining One.
  1573 | D:2      | Reached XP level 4. HP: 35/38 MP: 5/5
  2289 | D:3      | Reached XP level 5. HP: 26/46 MP: 7/7
  2969 | D:4      | Noticed an ogre
  3010 | D:5      | Entered Level 5 of the Dungeon
  3280 | D:5      | Reached XP level 6. HP: 52/52 MP: 8/8
  3522 | D:5      | Found the +12 Vampire's Tooth {vamp}
  3655 | D:5      | Found Itus's Book Boutique.
  3655 | D:5      | Noticed Dowan
  3657 | D:5      | Noticed Duvessa
  3664 | D:5      | Killed Dowan
  3664 | D:5      | Reached XP level 7. HP: 59/59 MP: 9/9
  3671 | D:5      | Killed Duvessa
  3708 | D:5      | You fall into a shaft and drop 3 floors!
  3743 | D:8      | Reached *** piety under Lugonu
  3774 | D:8      | Noticed a wyvern
  3809 | D:8      | Killed a wyvern
  3809 | D:8      | Reached skill level 1 in Short Blades
  3809 | D:8      | Reached XP level 8. HP: 53/67 MP: 11/11
  3858 | D:8      | Noticed Psyche
  3875 | D:8      | Paralysed by Psyche for 2 turns
  3888 | D:8      | Killed Psyche
  3888 | D:8      | Reached skill level 5 in Armour
  3938 | D:8      | Noticed a two-headed ogre
  3940 | D:8      | Reached skill level 5 in Invocations
  3940 | D:8      | Reached XP level 9. HP: 73/73 MP: 12/12
  3941 | D:8      | Banished a two-headed ogre
  3941 | D:8      | Reached skill level 5 in Fighting
  4213 | D:6      | Gained mutation: Your spells are a little harder to cast,
                  | but a little more powerful. [potion of mutation]
  4213 | D:6      | Gained mutation: You are weak. (Str -2) [potion of
                  | mutation]
  4213 | D:6      | Gained mutation: You have a pair of small horns on your
                  | head. [potion of mutation]
  4214 | D:6      | Lost mutation: You have a pair of small horns on your head.
                  | [potion of mutation]
  4214 | D:6      | Lost mutation: You are weak. (Str -2) [potion of mutation]
  4214 | D:6      | Lost mutation: Your spells are a little harder to cast, but
                  | a little more powerful. [potion of mutation]
  4214 | D:6      | Gained mutation: You do not regenerate when monsters are
                  | visible. [potion of mutation]
  4214 | D:6      | Gained mutation: You are surrounded by a mild repulsion
                  | field. (EV +2) [potion of mutation]
  4214 | D:6      | Gained mutation: You are partially covered in molten
                  | scales. (AC +2) [potion of mutation]
  4653 | D:4      | Got an ancient war axe
  5091 | D:4      | Reached **** piety under Lugonu
  5622 | D:5      | Identified the +9 war axe "Icasycs" {elec, Str+3 Int+2}
                  | (You found it on level 4 of the Dungeon)
  5632 | D:5      | Found a runed translucent door.
  5633 | D:5      | Noticed Crazy Yiuf
  5639 | D:5      | Killed Crazy Yiuf
  5720 | D:5      | Got a polished spear
  5721 | D:5      | Identified the +7 spear "Xutreej" {pain, +Fly} (You found
                  | it on level 5 of the Dungeon)
  5919 | D:6      | Reached skill level 1 in Shields
  6684 | D:7      | Found a sparkling altar of Nemelex Xobeh.
  6722 | D:7      | Reached XP level 10. HP: 52/83 MP: 14/14
  6909 | D:7      | Reached skill level 5 in Axes
  6981 | D:7      | Found Loyrph's Assorted Antiques.
  6988 | D:7      | Bought a scroll of teleportation for 75 gold pieces
  7014 | D:7      | Found a glowing silver altar of Zin.
  7015 | D:7      | Found a basalt altar of Yredelemnul.
  7272 | D:7      | Found a staircase to the Ecumenical Temple.
  7549 | D:8      | Reached ***** piety under Lugonu
  7846 | D:9      | Found a blossoming altar of Fedhas.
  8041 | D:9      | Got a distressingly furry scale mail
  8150 | D:9      | Noticed Joseph
  8162 | D:9      | Killed Joseph
  8179 | D:9      | Found a flagged portal.
  8189 | Bailey   | Entered a bailey
  8280 | Bailey   | Noticed an orc warlord
  8676 | Bailey   | Found a runed translucent gate.
  8676 | Bailey   | Found a runed translucent gate.
  8676 | Bailey   | Found a runed translucent gate.
  8763 | Bailey   | HP: 3/83 [orc warlord/+0 war axe (24)]
  8768 | Bailey   | Banished an orc warlord
  9143 | Bailey   | Identified 2 scrolls of acquirement
  9148 | Bailey   | Identified the +6 broad axe "Bitymuwk" {freeze, Str+4} (You
                  | acquired it in a bailey)
  9263 | D:9      | Got an encrusted chain mail
  9281 | D:9      | Identified the +2 chain mail "Harylo" {rElec Regen+ Int+4
                  | Slay+3} (You found it on level 9 of the Dungeon)
  9291 | D:9      | Identified the +0 scale mail "Luemiggo" {Str+2 Int+4} (You
                  | found it on level 9 of the Dungeon)
  9483 | D:9      | Noticed a centaur warrior
  9489 | D:9      | Killed a centaur warrior
  9591 | D:9      | Found a shadowy altar of Dithmenos.
  9714 | D:10     | Entered Level 10 of the Dungeon
  9717 | D:10     | Reached XP level 11. HP: 91/91 MP: 16/16
  9832 | D:10     | Found a runed translucent gate.
  9833 | D:10     | Found a runed translucent gate.
  9833 | D:10     | Found a runed translucent gate.
  9833 | D:10     | Noticed Dupit's ghost (novice TrFi)
  9846 | D:10     | Slain by Dupit's ghost

Levels and vault maps discovered:
D:1:      dpeg_arrival_rooms_c, layout_basic
D:2:      layout_loops_ring, tso_metal_star, first_ration, minmay_distorted
D:3:      layout_basic
D:4:      layout_basic, lightli_ossuary_entry_decrepit_ruins,
          hangedman_decor_growths
D:5:      layout_loops_ring, serial_shops, nicolae_shop_stone,
          minmay_checkerbox, uniq_duvessa, uniq_crazy_yiuf_cottage
D:6:      layout_basic
D:7:      layout_loops_ring, grunt_temple_overflow_open, temple_doors_e,
          serial_shops, shop, basic_altar, bh_walls_and_bars
D:8:      layout_rooms, uniq_psyche
D:9:      kennysheep_spiral_hall, layout_irregular_city,
          grunt_dithmenos_smoke_and_mirrors, enter_bailey_3, basic_altar,
          uniq_joseph
D:10:     layout_roguey, erik_orc_1, ebering_ghost_rock_garden

Skill      XL: |  1  2  3  4  5  6  7  8  9 10 |
---------------+-------------------------------+-----
Axes           | 2 3 4 6 |  6.6
Dodging        | 1 2 3 4 |  4.8
Armour         | 2 3 4 5 6 7 |  7.5
Invocations    | 3 4 5 7 |  7.6
Fighting       | 4 5 6 |  6.4
Short Blades   | 1 3 4 |  4.5
Shields        | 1 2 |  2.0

Action                   |  1- 3 |  4- 6 |  7- 9 | 10-12 || total
-------------------------+-------+-------+-------+-------++-------
Melee: Hand axe          |    91 |   137 |       |       ||   228
       Kick              |    17 |    35 |    66 |    41 ||   159
       Quick blade       |       |     5 |   210 |       ||   215
       War axe           |       |       |    85 |   157 ||   242
Invok: Depart the Abyss  |     1 |       |       |       ||     1
       Banish            |       |       |     1 |     2 ||     3
  Use: Scroll            |     5 |     6 |     8 |     8 ||    27
       Potion            |       |     1 |     3 |     1 ||     5
 Stab: Distracted        |       |       |       |     1 ||     1
  Eat: Chunk             |     1 |     6 |     8 |     6 ||    21
       Ration            |       |       |       |     1 ||     1
Armor: Leather armour    |    40 |    23 |       |       ||    63
       Chain mail        |       |    32 |    92 |     8 ||   132
       Ring mail         |       |    13 |       |       ||    13
       Plate armour      |       |       |    24 |    57 ||    81
Dodge: Dodged            |    48 |    47 |    69 |    70 ||   234
       Deflected         |       |     1 |     4 |    32 ||    37
Block: Buckler           |     3 |    14 |    32 |    45 ||    94

Table legend:
 A = Non-vault XP
 B = Vault XP
 C = Vault XP percentage of total XP
 D = Non-vault monster count
 E = Vault monster count
 F = Vault count percentage of total count
                 A         B        C        D         E       F
            +---------+---------+-------+---------+---------+-------
      Total |    7430 |    3906 |  34.5 |     214 |      41 |  16.1
            +---------+---------+-------+---------+---------+-------
        D:1 |      53 |       0 |   0.0 |      25 |       0 |   0.0
        D:2 |      89 |       3 |   3.3 |      22 |       3 |  12.0
        D:3 |     130 |       0 |   0.0 |      13 |       0 |   0.0
        D:4 |     500 |       0 |   0.0 |      20 |       0 |   0.0
        D:5 |     166 |     487 |  74.6 |       9 |       5 |  35.7
        D:6 |     931 |       0 |   0.0 |      33 |       0 |   0.0
        D:7 |    1383 |       0 |   0.0 |      26 |       0 |   0.0
        D:8 |    2203 |     476 |  17.8 |      45 |       1 |   2.2
        D:9 |    1538 |    1510 |  49.5 |      18 |       8 |  30.8
       D:10 |     437 |       0 |   0.0 |       3 |       0 |   0.0
     Bailey |       0 |    1430 | 100.0 |       0 |      24 | 100.0
            +---------+---------+-------+---------+---------+-------
